 Dungeon Sprint DCSS version 0.18.1-48-g4cf74bf (webtiles) character file.

0 kosy22 the Ruffian (level 1, -1/18 HPs)
             Began as a Naga Transmuter on Aug 19, 2016.
             Was an Initiate of Cheibriados.
             Slain by a phantom (7 damage)
             ... in the Dungeon (Sprint VI: "Thunderdome").
             The game lasted 00:00:38 (44 turns).

kosy22 the Ruffian (Naga Transmuter)                  Turns: 44, Time: 00:00:39

Health: -1/18      AC:  1    Str: 13    XL:     1   Next: 30%
Magic:  3/3        EV: 10    Int: 14    God:    Cheibriados [......]
Gold:   200        SH:  0    Dex: 12    Spells: 1 memorised, 3 levels left

rFire  . . .     SeeInvis +       - Unarmed
rCold  . . .     Gourm    .     b - +0 robe
rNeg   . . .     Faith    .     (no shield)
rPois  +         Spirit   .     (no helmet)
rElec  .         Dismiss  .     (no cloak)
rCorr  .         Reflect  .     (no gloves)
SustAt .         Harm     .     (no barding)
MR     .....     NoTele   +     (no amulet)
Stlth  +.........               (no ring)
                                (no ring)

@: very slow, not resistant to hostile enchantments, very unstealthy
A: see invisible, deformed body, poison resistance, slowness 2, slow metabolism
1, spit poison 2, AC +0
a: Spit Poison, Bend Time, Renounce Religion


You were in the Dungeon.
You worshipped Cheibriados.
Cheibriados was noncommittal.
You were not hungry.

You visited 1 branch You collected 200 gold pieces.

Inventory:

Missiles
 a - 12 arrows
Armour
 b - a +0 robe (worn)
Wands
 l - a wand of acid (5/15)
 m - a wand of iceblast (5/15)
Scrolls
 j - 4 scrolls of blinking
 n - 3 scrolls of fog
Potions
 e - a potion of curing
 f - 3 potions of heal wounds
 g - 4 potions of haste
 h - 2 potions of magic
 i - a potion of berserk rage
 k - a potion of resistance
Books
 c - a book of Changes

   Spells                             Type                      Level
   a - Beastly Appendage              Transmutation                1
   b - Sticks to Snakes               Transmutation                2
   c - Spider Form                    Transmutation/Poison         3
   d - Ice Form                       Ice/Transmutation            4
   e - Blade Hands                    Transmutation                5
Comestibles
 d - a bread ration


   Skills:
 + Level 1.1 Fighting
 + Level 1.7 Dodging
 + Level 3.3 Unarmed Combat
 + Level 2.3 Spellcasting
 + Level 2.1 Transmutations


You had 3 spell levels left.
You knew the following spells:

 Your Spells              Type           Power        Failure   Level  Hunger
a - Beastly Appendage     Trmt           #.....       12%         1    #......


Dungeon Overview and Level Annotations

Branches:
Dungeon (1/1)

Altars:
Cheibriados
Makhleb
Pakellas
Trog
Vehumet
Yredelemnul

Shops:
D ??:(


Innate Abilities, Weirdness & Mutations

You cannot wear boots.
Your serpentine skin is tough (AC +0).
You have supernaturally acute eyesight.
Armour fits poorly on your strangely shaped body.
Your system is resistant to poisons.
You cover ground very slowly.
You have a slow metabolism.
You can spit poison.


Message History

You hit the giant gecko skeleton.
You destroy the giant gecko skeleton!
The phantom blinks!
Your transformation is almost over.
You completely miss the phantom. You closely miss the phantom.
You headbutt the phantom, but do no damage.
The phantom blinks!
The phantom blinks!
There is a snail-covered altar of Cheibriados here.
You coil in front of the altar of Cheibriados.
Cheibriados welcomes you!
Cheibriados begins to support your attributes as your movement slows. x2
You can now bend time to slow others.
There is a radiant altar of Vehumet here.
The phantom blinks!
Your horns disappear.
The phantom hits you!
The phantom blinks!
The phantom hits you!
You die...

##### ##⌠⌠⌠##
#.....# ##.....##
##∩.....∩##
#∩.......∩#
#_......._#
#....@..._#
#_..W...._#
###.........###
#⌠...........⌠#
#.8.........8.###
......###......_.
....8. #.8......
......###.........
..# #...###......


You could see a phantom.

Vanquished Creatures
  A bat zombie (D)
  A giant gecko skeleton (D)
2 creatures vanquished.

Notes
Turn   | Place    | Note
--------------------------------------------------------------
     0 | D        | kosy22 the Naga Transmuter began the quest for the Orb.
     0 | D        | Reached XP level 1. HP: 18/18 MP: 3/3
     4 | D        | Found an oddly glowing altar of Pakellas.
     4 | D        | Found a burning altar of Makhleb.
     4 | D        | Round 1.
     5 | D        | Found a radiant altar of Vehumet.
     6 | D        | Found a snail-covered altar of Cheibriados.
     6 | D        | Found a basalt altar of Yredelemnul.
     7 | D        | Found a bloodstained altar of Trog.
     7 | D        | Found Tidemoqi's Staff Store.
     7 | D        | Found Niguwih's Magic Scroll Shop.
     8 | D        | Found Deiphiut's Must-Have Magic.
     8 | D        | Found Onaefasi's Magic Scroll Shop.
    30 | D        | Noticed a phantom
    39 | D        | Became a worshipper of Cheibriados the Contemplative
    44 | D        | Slain by a phantom

Action                   || total
-------------------------++-------
Melee: Unarmed           ||    17
       Headbutt          ||     2
 Cast: Beastly Appendage ||     1
  Use: Potion            ||     1
Armor: Robe              ||     9
Dodge: Dodged            ||    14
